 Dungeon Crawl Stone Soup version 0.28-a0-1114-g8eb0198dcf (webtiles) character file.

Game seed: 6719615180609421526

5276 sdkvhb the Covert (level 10, -7/47 HPs)
             Began as a Spriggan Enchanter on Dec 11, 2021.
             Was a Priest of Dithmenos.
             Mangled by Harold (17 damage)
             ... on level 9 of the Dungeon.
             The game lasted 00:24:44 (12267 turns).

sdkvhb the Covert (Spriggan Enchanter)             Turns: 12267, Time: 00:24:50

Health: -7/47      AC:  5    Str:  8    XL:     10   Next: 36%
Magic:  25/25      EV: 19    Int: 18    God:    Dithmenos [***...]
Gold:   1174       SH:  0    Dex: 15    Spells: 18/30 levels left

rFire   . . .      SeeInvis +   w - +9 quick blade (flame)
rCold   . . .      Faith    .   (shield restricted)
rNeg    . . .      Spirit   .   b - +0 robe
rPois   .          Reflect  .   (helmet restricted)
rElec   .          Harm     .   f - +2 cloak {rCorr}
rCorr   +          Rampage  .   (gloves unavailable)
Will    +....                   (boots unavailable)
Stlth   +++++++...              j - amulet of magic regeneration
HPRegen 0.15/turn               (no ring)
MPRegen 0.59/turn               (no ring)

@: marked, on berserk cooldown, slowed, wreathed by umbra, quick
A: very small, no large weapons, unfitting armour, see invisible, speed 3
a: Renounce Religion, Shadow Step


You were on level 9 of the Dungeon.
You worshipped Dithmenos.
Dithmenos was most pleased with you.
You visited 2 branches of the dungeon, and saw 10 of its levels.
You also visited: Ossuary.

You collected 1619 gold pieces.
You spent 445 gold pieces at shops.

Inventory:

Hand Weapons
 w - a +9 quick blade of flaming (weapon)
Missiles
 e - 25 poisoned darts (quivered)
 o - 2 curare-tipped darts
 q - a throwing net
Armour
 b - a +0 robe (worn)
 f - a +2 cloak of preservation (worn)
Jewellery
 j - an amulet of magic regeneration (around neck)
 k - a ring of ice
 v - an amulet of reflection
Wands
 h - a wand of paralysis (14)
 s - a wand of flame (21)
Scrolls
 c - a scroll of identify
 g - a scroll of fog
 p - a scroll of enchant armour
 t - a scroll of teleportation
Potions
 d - a potion of brilliance
 i - 2 potions of lignification
 l - 2 potions of attraction
 m - a potion of curing
 r - a potion of cancellation


   Skills:
 + Level 2.3 Fighting
 + Level 3.4 Short Blades
 + Level 4.7 Dodging
 + Level 12.8 Stealth
 + Level 10.7 Spellcasting
 + Level 10.9 Hexes


You had 18 spell levels left.
You knew the following spells:

 Your Spells              Type           Power      Damage    Failure   Level
a - Ensorcelled Hibernat  Hex/Ice        58%        N/A       1%          2
b - Tukima's Dance        Hex            49%        N/A       1%          3
c - Dazzling Flash        Conj/Hex       58%        N/A       2%          3
d - Cause Fear            Hex            24%        N/A       1%          4

Your spell library contained the following spells:

 Spells                   Type           Power      Damage    Failure   Level
 Confusing Touch          Hex            49%        N/A       1%          3
 Inner Flame              Hex/Fire       29%        N/A       2%          3
 Corpse Rot               Necr/Air       18%        N/A       11%         2
 Gell's Gravitas          Tloc           9%         N/A       22%         3
 Lesser Beckoning         Tloc           9%         N/A       22%         3
 Teleport Other           Tloc           9%         N/A       22%         3
 Silence                  Hex/Air        14%        N/A       22%         5
 Dispel Undead            Necr           9%         3d8       58%         4
 Agony                    Necr           9%         N/A       90%         5
 Discord                  Hex            24%        N/A       99%         8
 Death Channel            Necr           4%         N/A       100%        6


Dungeon Overview and Level Annotations

Branches:
Dungeon (9/15)             Temple (1/1) D:4         Ossuary (visited)
   Lair: D:8-11         Orc: D:9-12

Altars:
Ashenzari
Cheibriados
Dithmenos
Elyvilon
Fedhas
Gozag
Hepliaklqana
Kikubaaqudgha
Makhleb
Nemelex Xobeh
Okawaru
Ru
Sif Muna
Trog
Yredelemnul
Zin
The Shining One

Shops:
D:4 [   D:6 (   D:8 *

Annotations:
D:3 2 transporters, Dwachs's ghost, amateur FoFi
D:9 Harold


Innate Abilities, Weirdness & Mutations

You are very small and have problems with some larger weapons.
You are too small for most types of armour.
You have supernaturally acute eyesight. (SInv)
You cover ground extremely quickly. (Speed+++)


Message History

You hit the orc warrior. You burn the orc warrior.
The orc warrior is heavily wounded.
The orc warrior barely misses you.
Harold throws a throwing net.
The throwing net hits you.
You become entangled in the net!
Unknown command.
Unknown command.
A red film seems to cover your vision as you go berserk!
You feel yourself moving faster!
You feel mighty! The orc barely misses you.
The orc warrior hits you with a +0 mace!
An orc comes into view. It is wielding a +0 dagger.
Unknown command.
You struggle against the net.
You feel a strong urge to attack something.
The orc hits you but does no damage.
The orc warrior hits you with a +0 mace.
Harold thinks, and says "Perhaps I'll take up model-building after I'm done here..."
You struggle against the net.
You rip the net and break free!
You feel your anger nearly subside. The orc hits you with a +0 club.
The orc warrior barely misses you. Harold hits you with a +0 short sword!
You puncture Harold! You burn Harold.
Harold is moderately wounded.
The orc barely misses you.
An orc comes into view. It is wielding a +0 hand axe.
The orc warrior barely misses you. Harold hits you with a +0 short sword!!
You puncture Harold! You burn Harold.
Harold is moderately wounded.
You puncture Harold! You burn Harold.
Harold is heavily wounded.
You are no longer berserk.
You are exhausted.
You feel yourself slow down.
You hit Harold. You burn Harold.
Harold is heavily wounded.
The orc misses you.
The orc warrior hits you with a +0 mace!
* * * LOW HITPOINT WARNING * * *
Harold hits you with a +0 short sword!
You die...

..........#
........#
#......#
#......#
#...<..#
#..)...#
#######..)...#
.........###+#
...o..o@.#
.o....o@.#
##+#####.# #.#
#.# #.# #.. ..


You could see Harold, an orc warrior and 3 orcs.

Vanquished Creatures
  Grinder (D:6)
  2 hornets
  Eustachio (D:5)
  A wyvern (D:6)
  An orc warrior (D:8)
  2 water moccasins
  An ice beast (D:5)
  A black bear (D:5)
  2 sky beasts
  2 ogres
  3 necrophages
  3 centaurs
  3 phantoms
  An elf zombie (Ossuary)
  2 kobold brigands
  A bullfrog (D:6)
  2 scorpions
  A wyvern skeleton (D:7)
  A water moccasin zombie (D:5)
  A water moccasin skeleton (D:5)
  8 killer bees
  A howler monkey (D:6)
  2 centaur zombies (D:6)
  A human zombie (Ossuary)
  A bullfrog zombie (D:7)
  2 centaur skeletons
  7 hounds
  An orc priest (D:6)
  A bullfrog skeleton (D:6)
  2 jellies
  2 iguanas (D:5)
  5 orc wizards
  A scorpion zombie (D:5)
  2 killer bee zombies
  A hound zombie (D:5)
  3 mummies
  5 gnolls
  A howler monkey skeleton (D:6)
  13 adders
  2 shadow imps
  2 white imps
  2 ufetubi (D:5)
  3 adder zombies (Ossuary)
  A worm (D:2)
  3 dart slugs
  24 orcs
  3 ball pythons
  5 bats
  4 endoplasms
  2 goblins
  7 hobgoblins
  2 jackals (D:1)
  3 kobolds
  2 frilled lizards
  2 goblin zombies (Ossuary)
  9 hobgoblin zombies
  12 kobold zombies (Ossuary)
  8 orc zombies
  6 rats
  3 rat zombies (Ossuary)
196 creatures vanquished.

Vanquished Creatures (collateral kills)
  A two-headed ogre (D:6)
  2 ogres
  3 gnolls
  4 orcs
10 creatures vanquished.

Vanquished Creatures (others)
  5 dancing weapons
  A fungus (D:1)
  A plant (D:1)
7 creatures vanquished.

Grand Total: 213 creatures vanquished

Notes
Turn   | Place    | Note
-------+----------+-------------------------------------------
     0 | D:1      | sdkvhb the Spriggan Enchanter began the quest for the Orb.
     0 | D:1      | Reached XP level 1. HP: 9/9 MP: 5/5
   511 | D:1      | Reached XP level 2. HP: 9/13 MP: 7/7
   608 | D:1      | Learned a level 2 spell: Ensorcelled Hibernation
  1130 | D:1      | Found a faded altar of an unknown god.
  1343 | D:2      | Reached XP level 3. HP: 16/16 MP: 6/9
  1347 | D:2      | Learned a level 3 spell: Tukima's Dance
  1351 | D:2      | Learned a level 3 spell: Dazzling Flash
  2244 | D:3      | Reached skill level 5 in Hexes
  2244 | D:3      | Reached XP level 4. HP: 21/21 MP: 9/11
  2386 | D:3      | Noticed Dwachs's ghost (amateur FoFi)
  2387 | D:3      | Found a transporter.
  2391 | D:3      | Found a transporter.
  2654 | D:3      | Reached skill level 5 in Spellcasting
  2654 | D:3      | Reached XP level 5. HP: 16/24 MP: 7/13
  3161 | D:4      | Found Henerghir's Magic Scroll Shoppe.
  3169 | D:4      | Bought a scroll of identify for 22 gold pieces
  3169 | D:4      | Bought a scroll of identify for 22 gold pieces
  3169 | D:4      | Bought a scroll of identify for 22 gold pieces
  3169 | D:4      | Bought a scroll of identify for 22 gold pieces
  3300 | D:4      | Found a staircase to the Ecumenical Temple.
  3324 | Temple   | Entered the Ecumenical Temple
  3374 | Temple   | Became a worshipper of Dithmenos the Shadowed
  3480 | D:4      | Reached skill level 5 in Stealth
  3546 | D:4      | Reached XP level 6. HP: 28/28 MP: 10/15
  3908 | D:4      | Found Xezu's Antique Armour Shoppe.
  4039 | D:5      | Entered Level 5 of the Dungeon
  4124 | D:5      | Reached skill level 6 in Stealth
  4147 | D:5      | Reached XP level 7. HP: 32/32 MP: 11/17
  4573 | D:5      | Reached skill level 7 in Stealth
  4992 | D:5      | Reached skill level 8 in Stealth
  5463 | D:5      | Reached XP level 8. HP: 30/36 MP: 20/20
  5553 | D:5      | Reached * piety under Dithmenos
  5628 | D:5      | Reached skill level 9 in Stealth
  5826 | D:5      | Noticed Eustachio
  5843 | D:5      | Killed Eustachio
  5973 | D:5      | Reached skill level 10 in Stealth
  6464 | D:6      | Noticed a hornet
  6481 | D:6      | Killed a hornet
  6482 | D:6      | Reached XP level 9. HP: 29/39 MP: 11/23
  6809 | D:6      | Reached ** piety under Dithmenos
  6876 | D:6      | Noticed a two-headed ogre
  6926 | D:6      | Killed a two-headed ogre
  6927 | D:6      | Reached skill level 11 in Stealth
  6927 | D:6      | Reached skill level 10 in Hexes
  7195 | D:6      | Found Osubb's Weapon Boutique.
  7294 | D:6      | Noticed Grinder
  7299 | D:6      | Killed Grinder
  7300 | D:6      | Reached skill level 10 in Spellcasting
  7368 | D:6      | Reached skill level 12 in Stealth
  7761 | D:6      | Reached skill level 1 in Fighting
  8267 | D:7      | Found a sand-covered staircase.
  8319 | Ossuary  | Entered an ossuary
  9342 | Ossuary  | Reached *** piety under Dithmenos
  9508 | D:7      | Reached XP level 10. HP: 45/45 MP: 25/25
 11125 | D:8      | Found Idifible's Assorted Antiques.
 11154 | D:8      | Identified 3 scrolls of acquirement
 11154 | D:8      | Acquired a +5 quick blade
 11323 | D:4      | Bought a scroll of brand weapon for 220 gold pieces
 11329 | D:4      | Acquired a book of Hexes
 11336 | D:4      | Learned a level 4 spell: Cause Fear
 11336 | D:4      | Acquired 1150 gold pieces
 11341 | D:4      | Bought a scroll of fog for 22 gold pieces
 11341 | D:4      | Bought a scroll of teleportation for 33 gold pieces
 11341 | D:4      | Bought a scroll of enchant weapon for 82 gold pieces
 11508 | D:8      | Found a bloodstained altar of Trog.
 12253 | D:9      | Noticed Harold
 12267 | D:9      | Mangled by Harold

Illustrated notes

Levels and vault maps discovered:
D:1:      nzn_arrival_water_spiral, layout_loops_corners,
          shapermc_ecumenical_altar_gd
D:2:      layout_rooms, kennysheep_path_1, minmay_distorted
D:3:      layout_loops_cross, gammafunk_ghost_arena
D:4:      nicolae_cairo_tiling, layout_loops_ring,
          minmay_temple_entry_glassed_door, serial_shops,
          nicolae_shop_advertising_works [nicolae_subvault_shop_adworks], shop
D:5:      minmay_bubble_buster, layout_loops_ring, uniq_eustachio
D:6:      minmay_recursive_quarters, layout_basic, serial_shops,
          nicolae_diamond_shop, minmay_puff, uniq_grinder
D:7:      layout_cave_pods, nicolae_ossuary_entry_giza
D:8:      layout_cave_pods, old_standard_altar, serial_shops,
          nicolae_shop_overgrown_old_shop
D:9:      layout_irregular_city, uniq_psyche, uniq_joseph, uniq_harold,
          uniq_maggie
Temple:   compressed_dpeg_circular_temple

Skill      XL: |  1  2  3  4  5  6  7  8  9 10 |
---------------+-------------------------------+-----
Spellcasting   | 3 4 5 6 7 9 10 | 10.7
Hexes          | 4 5 6 7 9 10 | 10.9
Stealth        | 5 6 8 10 12 | 12.8
Dodging        | 3 4 |  4.7
Fighting       | 1 2 |  2.3
Short Blades   | 2 3 |  3.4

Action                   |  1- 3 |  4- 6 |  7- 9 | 10-12 || total
-------------------------+-------+-------+-------+-------++-------
Melee: Dagger            |   101 |    95 |   372 |    13 ||   581
       Short sword       |       |       |   165 |    92 ||   257
       Quick blade       |       |       |       |    45 ||    45
Throw: Dart              |     5 |       |       |       ||     5
 Cast: Ensorcelled Hiber |    12 |    19 |    50 |    23 ||   104
       Tukima's Dance    |     3 |     2 |    14 |     3 ||    22
       Dazzling Flash    |       |       |     4 |     1 ||     5
Evoke: Wand              |       |     3 |     5 |     4 ||    12
  Use: Scroll            |     3 |     5 |    13 |     9 ||    30
       Potion            |       |       |     4 |     3 ||     7
 Stab: Sleeping          |    10 |    17 |    51 |    16 ||    94
       Distracted        |       |     1 |     1 |       ||     2
       Paralysed         |       |     3 |     1 |       ||     4
       Invisible         |       |       |     6 |       ||     6
Armor: Robe              |    11 |    10 |    73 |    21 ||   115
       Skin              |       |       |       |     4 ||     4
Dodge: Dodged            |    77 |    51 |   479 |   153 ||   760

Table legend: (Time is in decaauts)
 A = Elapsed time spent in this place.
 B = Non-inter-level travel time spent in this place.
 C = Inter-level travel time spent in this place.
 D = Time resting spent in this place.
 E = Time spent auto-exploring this place.
 F = Levels seen in this place.
 G = Mean time per level.
                   A        B        C        D        E       F      G
               +--------+--------+--------+--------+--------+-----+--------+
         Total |   9719 |   9398 |    321 |   1669 |   5829 |  11 |  883.5 |
       Dungeon |   8649 |   8335 |    314 |   1110 |   5617 |   9 |  961.0 |
        Temple |     37 |     30 |      7 |      0 |     19 |   1 |   37.0 |
       Ossuary |   1032 |   1032 |      0 |    559 |    193 |   1 | 1032.0 |
               +--------+--------+--------+--------+--------+-----+--------+

Top non-repeatable levels by time:
     D:5: 1788 daAuts
     D:6: 1473 daAuts
     D:4: 1127 daAuts
     D:7: 1124 daAuts
 Ossuary: 1032 daAuts
     D:1: 997 daAuts
     D:8: 863 daAuts
     D:2: 650 daAuts
     D:3: 614 daAuts
  Temple: 37 daAuts
     D:9: 10 daAuts
